AoeStats
← DK_Odysseo

Migration

507078991Analyzed
1v1 RM · 16d ago on Sep 16, 2026· 41m 12s· 2 players
Game mode
Random Map
Map size
132×132
Population
200
Speed
Normal
Resources
Standard
Victory
Conquest
Starting age
Dark Age
Ending age
Imperial Age
RankedLock teamsTeams togetherTeam positionsShared explorationLock speedFull tech treeHidden civsTurbo modeCheats
Victory
Defeat
🇳🇴 Chinese · Norway
1803
+17
🇪🇸 Hindustanis · Spain
1819
-17
Nope
0:25 Loom
12:12 Feudal Age
16:04 Castle Age
14:28 Double-Bit Axe
15:01 Fletching
16:56 Medium Warships
16:41 Bodkin Arrow
16:58 Bow Saw
21:19 Town Watch
22:10 Wheelbarrow
23:40 Horse Collar
28:03 Sanctity
35:42 Imperial Age
36:27 Imperial Age
34:42 Ballistics
34:51 Padded Archer Armor
36:17 Leather Archer Armor
37:11 Bracer
38:12 Chemistry
39:25 Block Printing
39:12 Devotion
DK_Odysseo
5:59 Loom
11:59 Feudal Age
15:35 Castle Age
13:37 Double-Bit Axe
14:16 Gold Mining
16:27 Medium Warships
19:18 Bow Saw
22:18 Stone Mining
23:04 Gold Shaft Mining
22:40 Demolition Ship
24:15 Wheelbarrow
23:25 Town Watch
26:14 Clinker Construction
27:26 Scale Mail Armor
31:03 Devotion
31:52 Forging
36:29 Imperial Age
34:35 Horse Collar
38:33 Chemistry
38:17 Heavy Warships
38:20 Chain Mail Armor
38:39 Masonry
38:45 Elite Ghulam
Connection lost

Rejoining the realm…

Still unreachable

The connection could not be restored.

Session expired

The server has moved on; the page needs a fresh start.